 Dungeon Crawl Stone Soup version 0.26-a0-812-g31a745ddcd (webtiles) character file.

Game seed: 7836891122264923888

128 mkm the Firebug (level 4, -11/34 HPs)
             Began as a Draconian Fire Elementalist on Nov 26, 2020.
             Mangled by a gnoll
             ... wielding a +0 war axe
              (13 damage)
             ... on level 2 of the Dungeon.
             The game lasted 00:09:52 (3073 turns).

mkm the Firebug (Draconian Fire Elementalist)       Turns: 3073, Time: 00:09:53

Health: -11/34     AC:  6    Str:  9 (11) XL:     4   Next: 86%
Magic:  1/8        EV: 12    Int: 14 (16) God:
Gold:   185        SH:  0    Dex: 11      Spells: 7/8 levels left

rFire    . . .     SeeInvis .   a - +0 dagger
rCold    . . .     Faith    .   (no shield)
rNeg     . . .     Spirit   .   (armour unavailable)
rPois    .         Reflect  .   (helmet restricted)
rElec    .         Harm     .   f - +0 cloak
rCorr    .         Rampage  .   (no gloves)
MR       .....                  (no boots)
Stlth    ++........             (no amulet)
HPRegen  0.11/turn              (no ring)
MPRegen  0.11/turn              (no ring)

@: no status effects
A: unfitting armour, cold-blooded, AC +5
a: no special abilities


You were on level 2 of the Dungeon.
You visited 1 branch of the dungeon, and saw 3 of its levels.

You collected 185 gold pieces.

Inventory:

Hand Weapons
 a - a +0 dagger (weapon)
 c - a +0 whip of venom
Armour
 f - a +0 cloak (worn)
Scrolls
 b - a scroll of teleportation
 g - a scroll of fear


   Skills:
 + Level 0.5 Fighting
 + Level 1.0 Short Blades
 + Level 2.3 Dodging
 + Level 2.1 Stealth
 + Level 0.1 Unarmed Combat
 + Level 2.6 Spellcasting
 + Level 2.4 Conjurations
 + Level 3.7 Fire Magic


You had 7 spell levels left.
You knew the following spells:

 Your Spells              Type           Power        Failure   Level
a - Foxfire               Conj/Fire      ##..         6%          1

Your spell library contained the following spells:

 Spells                   Type           Power        Failure   Level
 Conjure Flame            Conj/Fire      ##......     19%         3
 Inner Flame              Hex/Fire       #.......     30%         3
 Sticky Flame             Conj/Fire      ##......     52%         4
 Fireball                 Conj/Fire      ##........   86%         5


Dungeon Overview and Level Annotations

Branches:
Dungeon (3/15)

Altars:
Nemelex Xobeh


Innate Abilities, Weirdness & Mutations

Your plain brown scales are hard. (AC +5)
You cannot fit into any form of body armour.
You are cold-blooded and may be slowed by cold attacks.


Message History

The rat is severely wounded.
The gnoll closely misses you.
The gnoll throws a stone.
The stone closely misses you. The rat closely misses you.
You hit the rat.
You kill the rat!
You see here a rat corpse.
The gnoll throws a stone.
The stone hits you.
* * * LOW HITPOINT WARNING * * *
The gnoll hits you with a +0 war axe!
* * * LOW HITPOINT WARNING * * *
You see here a stone.
Found a bubbling brown potion.
There is a stone staircase leading up here.
The gnoll barely misses you.
You climb upwards.
There is a stone staircase leading down here.
Casting: Foxfire (safe; 6% risk of failure)
Confirm with . or Enter, or press ? or * to list all spells.
You conjure some foxfire!
The gnoll hits you with a +0 war axe!
You die...

#..<...# #......#########
#...............
#...............
##########...............
#....................<...
#............############
#.......v....#
#.......@g...#
#.......v....#
##############


You could see a gnoll.

Vanquished Creatures
  2 gnolls (D:3)
  4 adders
  2 worms (D:2)
  2 dart slugs
  4 leopard geckos
  A ball python (D:2)
  5 bats
  A giant cockroach (D:2)
  6 goblins
  7 hobgoblins
  9 jackals
  A quokka (D:2)
  4 frilled lizards
  3 kobolds
  6 rats
57 creatures vanquished.

Vanquished Creatures (collateral kills)
  9 foxfires (D:2)
9 creatures vanquished.

Vanquished Creatures (others)
  162 foxfires
  3 fungi (D:2)
  6 toadstools (D:2)
171 creatures vanquished.

Grand Total: 237 creatures vanquished

Notes
Turn   | Place    | Note
-------+----------+-------------------------------------------
     0 | D:1      | mkm the Draconian Fire Elementalist began the quest for the
                  | Orb.
     0 | D:1      | Reached XP level 1. HP: 14/14 MP: 3/3
   303 | D:1      | Reached XP level 2. HP: 20/20 MP: 0/5
   348 | D:1      | HP: 1/20 [kobold/stone (1)]
  1213 | D:1      | Reached XP level 3. HP: 26/26 MP: 3/6
  1998 | D:2      | Reached XP level 4. HP: 33/33 MP: 0/7
  2400 | D:2      | Found a sparkling altar of Nemelex Xobeh.
  3038 | D:3      | Reached skill level 1 in Short Blades
  3068 | D:3      | HP: 1/34 [gnoll/+0 war axe (9)]
  3073 | D:2      | Mangled by a gnoll

Illustrated notes

Levels and vault maps discovered:
D:1:      minmay_arrival_semitransparent, layout_loops_ring,
          minmay_misc_feat_hallway, minmay_strange_pillars
D:2:      layout_basic, minmay_gold_behind_fungi, nemelex_lonely_heart_becter
D:3:      layout_loops_ring

Skill      XL: |  1  2  3  4 |
---------------+-------------+-----
Dodging        | 2 |  2.3
Stealth        | 2 |  2.1
Conjurations   | 2 |  2.4
Short Blades   | 1 |  1.0
Fighting       | |  0.5
Unarmed Combat | |  0.1
Spellcasting   | |  2.6
Fire Magic     | |  3.7

Action                   |  1- 3 |  4- 6 || total
-------------------------+-------+-------++-------
Melee: Unarmed           |    18 |       ||    18
       Tailslap          |    11 |       ||    11
       Club              |     4 |       ||     4
       Dagger            |    40 |    30 ||    70
 Cast: Foxfire           |    78 |    32 ||   110
  Use: Scroll            |     5 |     1 ||     6
       Potion            |     3 |       ||     3
 Stab: Sleeping          |     1 |     2 ||     3
Armor: Skin              |    56 |     7 ||    63
Dodge: Dodged            |    84 |    19 ||   103

Table legend: (Time is in decaauts)
 A = Elapsed time spent in this place.
 B = Non-inter-level travel time spent in this place.
 C = Inter-level travel time spent in this place.
 D = Time resting spent in this place.
 E = Time spent auto-exploring this place.
 F = Levels seen in this place.
 G = Mean time per level.
                   A        B        C        D        E       F      G
               +--------+--------+--------+--------+--------+-----+--------+
         Total |   3072 |   3031 |     41 |    748 |   1808 |   3 | 1024.0 |
       Dungeon |   3072 |   3031 |     41 |    748 |   1808 |   3 | 1024.0 |
               +--------+--------+--------+--------+--------+-----+--------+

Top non-repeatable levels by time:
     D:1: 1474 daAuts
     D:2: 1291 daAuts
     D:3: 305 daAuts
